 Dungeon Crawl Stone Soup version 0.16.2-12-gd0ad4c3 (webtiles) character file.

247 Goblin1989 the Vandal (level 5, -2/26 HPs)
             Began as a Spriggan Arcane Marksman on June 1, 2017.
             Slain by a centaur (7 damage)
             ... on level 5 of the Dungeon.
             The game lasted 00:13:02 (3658 turns).

Goblin1989 the Vandal (Spriggan Arcane Marksman)    Turns: 3658, Time: 00:13:03

Health: -2/26      AC:  3    Str:  7    XL:     5   Next: 85%
Magic:  12/12      EV: 20    Int: 21    God:
Gold:   179        SH:  0    Dex: 15    Spells: 1 memorised, 5 levels left

rFire  + . .     SeeInvis +     a - +0 short sword
rCold  + + .     Clarity  .     i - +0 robe
rNeg   . . .     SustAb   .     (shield restricted)
rPois  +         Gourm    .     (helmet restricted)
rElec  +         Spirit   .     n - +0 cloak
rCorr  +         Warding  .     (gloves unavailable)
rMut   .         Stasis   .     (boots unavailable)
MR     +....                    (no amulet)
Stlth  +.........               c - ring of protection from cold
                                m - ring of protection from magic

@: brilliant, resistant, very quick, somewhat resistant to hostile enchantments,
very unstealthy
A: unfitting armour, see invisible, herbivore 3, speed 3, slow metabolism 2
a: no special abilities


You were on level 5 of the Dungeon.
You were not hungry.

You visited 1 branch of the dungeon, and saw 5 of its levels.

You collected 179 gold pieces.

Inventory:

Hand weapons
 a - a +0 short sword (weapon)
 b - a +0 hunting sling
Missiles
 j - 11 stones (quivered)
 r - 14 sling bullets
Armour
 i - a +0 robe (worn)
 n - a +0 cloak (worn)
Jewellery
 c - a ring of protection from cold (right hand)
 m - a ring of protection from magic (left hand)
 u - a cursed ring of loudness {unknown}
 x - a ring of stealth
Magical devices
 w - a wand of teleportation (5) {@v3, !v}
Scrolls
 f - 8 scrolls of identify {unknown}
 h - a scroll of enchant armour {unknown}
 k - a scroll of amnesia {unknown}
 p - a scroll of noise {unknown}
 q - a scroll of random uselessness {unknown}
 s - a scroll of immolation {unknown}
 v - a scroll of magic mapping {unknown}
Potions
 g - a potion of resistance
 t - a potion of poison {unknown}
Books
 d - a book of Debilitation

   Spells                             Type                      Level
   a - Corona                         Hexes                        1
   b - Slow                           Hexes                        2
   c - Inner Flame                    Hexes/Fire                   3
   d - Enslavement                    Hexes                        4
   e - Cause Fear                     Hexes                        4
   f - Leda's Liquefaction            Hexes/Earth                  4
Comestibles
 e - 3 bread rations {@e1}


   Skills:
 + Level 2.0 Fighting
 * Level 2.2 Short Blades
 * Level 5.1 Slings
 + Level 5.1 Dodging
 - Level 1.3 Spellcasting
 - Level 3.6 Hexes


You had 5 spell levels left.
You knew the following spells:

 Your Spells              Type           Power        Failure   Level  Hunger
a - Corona                Hex            ####...      1%          1    ##.....


Dungeon Overview and Level Annotations

Branches:
Dungeon (5/15)
 Temple: D:4-7

Altars:
Cheibriados
Fedhas
Yredelemnul

Annotations:
D:4 DEFE's ghost, average DECK


Innate Abilities, Weirdness & Mutations

You are tiny and cannot use many weapons and most armour.
You have supernaturally acute eyesight.
You are a herbivore.
You cover ground extremely quickly.
You need consume almost no food.


Message History

It was a potion of resistance.
You feel protected. The bat misses you. The bat hits you but does no damage.
Drink which item? (? for menu, Esc to quit)
It was a potion of brilliance.
You feel clever all of a sudden. The bat closely misses you.
The bat completely misses you.
Drink which item? (? for menu, Esc to quit)
It was a potion of heal wounds.
You feel much better. The bat hits you.
You regained 15 hp, and now have 25/26 hp.
You barely miss the bat. The bat closely misses you.
The bat completely misses you.
You barely miss the bat. The bat misses you. The bat misses you.
Health restored: 26 You hit the bat.
The bat is almost dead.
The bat barely misses you. The bat completely misses you.
You closely miss the bat.
The bat is almost dead.
The bat misses you. The bat closely misses you.
You hit the bat.
You kill the bat!
The centaur shoots an arrow.
The arrow completely misses you.
The centaur shoots an arrow.
The arrow misses you.
The centaur unwields a shortbow.
The centaur barely misses you.
You see here a bat corpse.
You hit the centaur.
The centaur is lightly wounded.
The centaur hits you.
You take 1 damage, and have 25/26 hp.
You hit the centaur.
The centaur is moderately wounded.
The centaur misses you.
You hit the centaur.
The centaur is moderately wounded.
The centaur completely misses you. The centaur closely misses you.
You barely miss the centaur.
The centaur is moderately wounded.
The centaur hits you but does no damage.
You barely miss the centaur.
The centaur is moderately wounded.
The centaur closely misses you. The centaur hits you.
You take 5 damage, and have 20/26 hp.
You barely miss the centaur.
The centaur is moderately wounded.
The centaur closely misses you.
You hit the centaur.
The centaur is moderately wounded.
The centaur barely misses you. The centaur misses you.
You barely miss the centaur.
The centaur is moderately wounded.
The centaur completely misses you.
You hit the centaur but do no damage.
The centaur is moderately wounded.
The centaur hits you. x2
* * * LOW HITPOINT WARNING * * *
You take 10 damage, and have 10/26 hp.
MASSIVE DAMAGE!!
You barely miss the centaur.
The centaur is moderately wounded.
The centaur misses you.
You hit the centaur but do no damage.
The centaur is moderately wounded.
The centaur completely misses you. The centaur barely misses you.
You hit the centaur but do no damage.
The centaur is moderately wounded.
The centaur closely misses you.
You hit the centaur but do no damage.
The centaur is moderately wounded.
The centaur closely misses you. x2
You barely miss the centaur.
The centaur is moderately wounded.
The centaur misses you.
You barely miss the centaur.
The centaur is moderately wounded.
The centaur misses you. The centaur closely misses you.
You hit the centaur.
The centaur is heavily wounded.
The centaur hits you.
* * * LOW HITPOINT WARNING * * *
You take 6 damage, and have 5/26 hp.
MASSIVE DAMAGE!!
You hit the centaur.
The centaur is heavily wounded.
The centaur completely misses you. x2
You completely miss the centaur.
The centaur is heavily wounded.
The centaur misses you.
You hit the centaur but do no damage.
The centaur is heavily wounded.
The centaur closely misses you. x2
You hit the centaur.
The centaur is heavily wounded.
The centaur misses you.
You hit the centaur.
The centaur is severely wounded.
The centaur hits you but does no damage.
The centaur completely misses you.
You hit the centaur.
The centaur is severely wounded.
The centaur hits you!
You die...

███^.████......█ █<█
█.......█.██.███ █.█
█.█.......██.█ ██.█
█.██.........█ ███ █..█
█.██.......███████.███.██
█.██.██†██..........██.█
█.......█████████...██.█
████.█████████ █.......█
█(†...@cZ.█ ██...████
█████████.██ ██.██ █...█
███ █...█ █...█ █...█
█...█ █.(.█ █(..█


You could see a centaur and a giant gecko zombie.

Vanquished Creatures
  A centaur skeleton (D:4)
  An orc priest (D:3)
  Ijyb (D:2)
  4 adders
  A gnoll (D:1)
  A giant mite (D:4)
  3 worms
  5 giant geckos
  4 orcs (D:3)
  7 giant cockroaches
  11 goblins
  13 hobgoblins
  10 jackals
  10 kobolds
  11 bats
  A giant newt (D:3)
  10 rats
94 creatures vanquished.

Vanquished Creatures (others)
  A rat (D:1)
1 creature vanquished.

Grand Total: 95 creatures vanquished

Notes
Turn   | Place    | Note
--------------------------------------------------------------
     0 | D:1      | Goblin1989, the Spriggan Arcane Marksman, began the quest for the Orb.
     0 | D:1      | Reached XP level 1. HP: 9/9 MP: 3/3
   132 | D:1      | Reached skill level 1 in Fighting
   167 | D:1      | Reached XP level 2. HP: 12/14 MP: 5/5
   247 | D:1      | Reached skill level 1 in Short Blades
   405 | D:1      | Reached XP level 3. HP: 15/18 MP: 7/7
  1189 | D:2      | Found a snail-covered altar of Cheibriados.
  1722 | D:3      | Noticed Ijyb
  1757 | D:2      | Killed Ijyb
  1757 | D:2      | Reached skill level 4 in Dodging
  1757 | D:2      | Reached XP level 4. HP: 18/22 MP: 10/10
  2252 | D:3      | Reached XP level 5. HP: 12/26 MP: 12/12
  2725 | D:3      | Found a basalt altar of Yredelemnul.
  2971 | D:3      | Found a blossoming altar of Fedhas.
  3359 | D:4      | Noticed DEFE's ghost (average DECK)
  3378 | D:5      | Entered Level 5 of the Dungeon
  3411 | D:5      | Reached skill level 5 in Dodging
  3470 | D:5      | Reached skill level 5 in Slings
  3613 | D:5      | Noticed a centaur
  3658 | D:5      | Slain by a centaur

Action                   |  1- 3 |  4- 6 || total
-------------------------+-------+-------++-------
Melee: Short sword       |    31 |    27 ||    58
 Fire: Hunting sling     |   159 |   231 ||   390
  Use: Potion            |       |     3 ||     3
 Stab: Sleeping          |     1 |       ||     1

Vault maps used:
D:1:      lightli_arrival_isolated_outpost
D:2:      lemuel_doored_altar, roderic_digamma_sauvastika
D:3:      minmay_door_path, lemuel_round_altar, nicolae_overflow_crystal_walls,
          uniq_iyjb
D:4:      serial_shops, shop, guppyfry_early_lair_pool
D:5:      temple_fountains, first_bread, uniq_grinder
